 Dungeon Crawl Stone Soup version 0.30-a0-394-g3e4acdb0ae (webtiles) character file.

Game seed: 1858185042258975178

186 NinjaNoafa the Chopper (level 5, -2/48 HPs)
             Began as a Hill Orc Monk on Dec 6, 2022.
             Slain by a gnoll
             ... wielding a +0 whip
              (5 damage)
             ... on level 3 of the Dungeon.
             The game lasted 00:04:47 (2446 turns).

NinjaNoafa the Chopper (Hill Orc Monk)              Turns: 2446, Time: 00:04:47

Health: -2/48      AC: 11    Str: 14 (16) XL:     5   Next: 66%
Magic:  5/5        EV:  4    Int:  7 (10) God:
Gold:   61         SH:  0    Dex: 12 (13) Spells: 4/4 levels left

rFire   . . .      SeeInvis +    h - +2 lajatang (venom)
rCold   . . .      Faith    .    (shield currently unavailable)
rNeg    . . .      Spirit   .    f - +0 plate armour
rPois   .          Reflect  .    (no helmet)
rElec   .          Harm     .    (no cloak)
rCorr   .          Rampage  .    (no gloves)
Will    .....                    (no boots)
Stlth   ..........               s - amulet of the acrobat
HPRegen 0.28/turn                m - ring of see invisible
MPRegen 0.09/turn                (no ring)

@: no status effects
A: no striking features
a: no special abilities


You were on level 3 of the Dungeon.
You visited 1 branch of the dungeon, and saw 4 of its levels.

You collected 189 gold pieces.
You spent 128 gold pieces at shops.

Inventory:

Hand Weapons
 h - a +2 lajatang of venom (weapon)
Missiles
 a - 3 boomerangs (quivered)
 d - 49 stones
Armour
 f - a +0 plate armour (worn)
Jewellery
 m - a ring of see invisible (left hand)
 r - a ring of fire
 s - an amulet of the acrobat (around neck)
Wands
 t - a wand of charming (5)
Scrolls
 e - 3 scrolls of identify {unknown}
 i - a scroll of torment {unknown}
 l - a scroll of butterflies {unknown}
 n - 2 scrolls of magic mapping {unknown}
 o - a scroll of immolation {unknown}
 p - a scroll of teleportation {unknown}
Potions
 g - a potion of haste {unknown}
 j - a potion of attraction {unknown}
 k - a potion of mutation {unknown}


   Skills:
 - Level 5.0 Fighting
 - Level 5.2 Axes
 + Level 1.0 Staves
 + Level 2.7 Armour
 - Level 3.0 Dodging
 - Level 1.5 Stealth


You had 4 spell levels left.
You didn't know any spells.
Your spell library contained the following spells:

 Spells                   Type           Power      Damage    Failure   Level
 Sublimation of Blood     Necr           0%         N/A       100%        2
 Dazzling Flash           Conj/Hex       0%         N/A       100%        3
 Petrify                  Tmut/Erth      0%         N/A       100%        4
 Agony                    Necr           0%         N/A       100%        5
 Irradiate                Conj/Tmut      0%         3d11      100%        5
 Silence                  Hex/Air        0%         N/A       100%        5


Dungeon Overview and Level Annotations

Branches:
Dungeon (4/15)
 Temple: D:4-7

Altars:
Ru
Sif Muna

Shops:
D:1 (   D:3 (


Message History

You feel much better. The gnoll hits you with a +0 halberd!
The gnoll hits you from afar with a +0 spear.
You struggle against the net.
The gnoll hits you with a +0 halberd! The orc barely misses you.
The gnoll hits you but does no damage. x2
You struggle against the net.
The orc hits you but does no damage. The gnoll hits you with a +0 halberd.
* * * LOW HITPOINT WARNING * * *
The gnoll hits you but does no damage. x2
You rip the net and break free!
A ball python comes into view.
The gnoll hits you from afar with a +0 halberd.
* * * LOW HITPOINT WARNING * * *
The gnoll hits you but does no damage. The orc hits you but does no damage.
The phantom hits you but does no damage.
The gnoll completely misses you. The gnoll hits you with a +0 whip.
* * * LOW HITPOINT WARNING * * *
As you read the scroll labelled COREOXOINT, it crumbles to dust.
You hear a loud clanging noise!
It was a scroll of noise.
The ball python hisses angrily.
You hear a shout! x5
The gnoll hits you but does no damage. The orc hits you but does no damage.
The phantom hits you but does no damage.
The gnoll barely misses you. The gnoll hits you but does no damage.
The gnoll barely misses you. The gnoll barely misses you.
The gnoll hits you with a +0 halberd!
* * * LOW HITPOINT WARNING * * *
The orc hits you but does no damage.
The phantom hits you but does no damage.
The gnoll hits you but does no damage. x2
You climb upwards.
There is a stone staircase leading down here.
Okay, then.
Okay, then.
The gnoll misses you. The orc barely misses you.
It was a potion of degeneration.
There was something very wrong with that liquid.
You feel weakened.
You feel dopey.
You feel clumsy. The phantom completely misses you.
The gnoll hits you but does no damage. The orc barely misses you.
The gnoll hits you with a +0 whip.
You die...

.................#
.#####.#########.# ## #.#
#.# ######.### #.###
.........# #.#.######
.#####.#.# ##<.>.....## .##
#.#.# #....####..##
..####.#.# #ggW......#.#
.......#.######o@..####..##
#####..#............<....#
§≈≈≈#..#########.#######.#
≈>.≈'...# #.# #.# §.§≈'.#.#
#.# #.# ≈≈§§#.#.# ###.# #.#
#####.#.# #.).# #.#
......#.# #.### #.#
#..####.# #.# #.#


You could see a phantom, 2 gnolls and an orc.

Vanquished Creatures
  A jelly (D:4)
  An orc priest (D:3)
  2 orc wizards (D:3)
  3 adders
  2 dart slugs
  2 orcs (D:3)
  5 endoplasms
  4 giant cockroaches
  7 goblins
  A hobgoblin (D:2)
  4 jackals (D:3)
  A quokka (D:1)
  6 ball pythons
  7 bats
  4 frilled lizards
  8 kobolds
  5 rats
63 creatures vanquished.

Notes
Turn   | Place    | Note
-------+----------+-------------------------------------------
     0 | D:1      | NinjaNoafa the Hill Orc Monk began the quest for the Orb.
     0 | D:1      | Reached XP level 1. HP: 19/19 MP: 1/1
   128 | D:1      | Reached XP level 2. HP: 21/27 MP: 2/2
   168 | D:1      | You fall into a shaft and drop 1 floor!
   284 | D:2      | Found Boazek's Antique Armour Boutique.
   297 | D:2      | Reached skill level 1 in Armour
   399 | D:2      | Reached XP level 3. HP: 23/33 MP: 3/3
   771 | D:1      | Found Apaoqo's Weapon Shoppe.
  1190 | D:2      | Reached XP level 4. HP: 38/40 MP: 4/4
  1391 | D:1      | Bought a +0 vorpal battleaxe for 128 gold pieces
  1562 | D:3      | Reached skill level 5 in Axes
  1562 | D:3      | Reached XP level 5. HP: 30/47 MP: 5/5
  1825 | D:3      | Found a sacrificial altar of Ru.
  1920 | D:3      | Found Fuguodeq's Antique Weapon Shoppe.
  2162 | D:3      | Found a shimmering blue altar of Sif Muna.
  2394 | D:4      | Noticed a phantom
  2433 | D:4      | Reached skill level 5 in Fighting
  2433 | D:4      | Reached skill level 1 in Staves
  2443 | D:4      | HP: 2/48 [gnoll/+0 halberd (7)]
  2446 | D:3      | Slain by a gnoll

Illustrated notes

Levels and vault maps discovered:
D:1:      dpeg_arrival_tiny_c, layout_rooms, serial_shops, nicolae_shop_crystal,
          hangedman_abyss_or_decor_lesser_grid
D:2:      layout_basic, serial_shops, shop
D:3:      layout_loops_ring, mainiacjoe_overflow_tiny_flanked,
          general_overflow_altar, serial_shops, shop
D:4:      layout_rooms, cheibrodos_ashenzari_chains

Skill      XL: |  1  2  3  4  5 |
---------------+----------------+-----
Armour         | 1 2 |  2.7
Fighting       | 4 5 |  5.0
Dodging        | 3 |  3.0
Axes           | 5 |  5.2
Staves         | 1 |  1.0
Stealth        | |  1.5

Action                   |  1- 3 |  4- 6 || total
-------------------------+-------+-------++-------
Melee: Hand axe          |   108 |    13 ||   121
       Battleaxe         |       |    38 ||    38
       Lajatang          |       |    22 ||    22
Throw: Boomerang         |       |     1 ||     1
  Use: Potion            |       |     7 ||     7
       Scroll            |       |     1 ||     1
 Stab: Sleeping          |     1 |       ||     1
Armor: Robe              |     3 |       ||     3
       Ring mail         |    30 |    18 ||    48
       Plate armour      |       |    36 ||    36
Dodge: Dodged            |    71 |    56 ||   127

Table legend: (Time is in decaauts)
 A = Elapsed time spent in this place.
 B = Non-inter-level travel time spent in this place.
 C = Inter-level travel time spent in this place.
 D = Time resting spent in this place.
 E = Time spent auto-exploring this place.
 F = Levels seen in this place.
 G = Mean time per level.
                   A        B        C        D        E       F      G
               +--------+--------+--------+--------+--------+-----+--------+
         Total |   2479 |   2229 |    250 |      0 |   1592 |   4 |  619.8 |
       Dungeon |   2479 |   2229 |    250 |      0 |   1592 |   4 |  619.8 |
               +--------+--------+--------+--------+--------+-----+--------+

Top non-repeatable levels by time:
     D:2: 925 daAuts
     D:3: 818 daAuts
     D:1: 618 daAuts
     D:4: 118 daAuts
